AoeStats
← zephyrutia

Socotra

506332436Analyzed
2v2 RM · 20d ago on Sep 13, 2026· 28m 27s· 4 players
Game mode
Random Map
Map size
Tiny (2 player)
Population
200
Speed
Normal
Resources
Standard
Victory
Conquest
Starting age
Dark Age
Ending age
Imperial Age
RankedLock teamsTeams togetherTeam positionsShared explorationLock speedFull tech treeHidden civsTurbo modeCheats
Victory
Defeat
🇳🇵 Bulgarians · Nepal
847
+34
🇺🇸 Teutons · United States
837
+21
🇦🇺 Koreans · Australia
795
-14
🇳🇴 Poles · Norway
737
-11
Beardsley McTurbanhead
1:15 Loom
10:54 Feudal Age
11:22 Double-Bit Axe
12:53 Horse Collar
22:19 Castle Age
20:25 Fletching
23:00 Bodkin Arrow
24:06 Bow Saw
25:29 Ballistics
Anette2k
12:01 Feudal Age
16:39 Loom
22:50 Castle Age
22:33 Town Watch
23:55 Elite Skirmisher
24:27 Horse Collar
25:03 Murder Holes
26:10 Ballistics
zephyrutia
7:45 Loom
10:29 Feudal Age
21:21 Castle Age
19:09 Double-Bit Axe
20:45 Scale Barding Armor
21:14 Bloodlines
21:17 Forging
23:26 Chain Barding Armor
27:22 Wheelbarrow
26:33 Town Watch
Magikarp
10:48 Loom
12:37 Feudal Age
13:28 Loom
17:25 Castle Age
19:07 Gambesons
20:50 Forging
24:35 Iron Casting
Connection lost

Rejoining the realm…

Still unreachable

The connection could not be restored.

Session expired

The server has moved on; the page needs a fresh start.